 Dungeon Crawl Stone Soup version 0.20-a0-1026-gc3ddcbd (webtiles) character file.

57 theAP the Ducker (level 3, -1/39 HPs)
             Began as a Troll Monk on Apr 20, 2017.
             Slain by Crazy Yiuf
             ... wielding a +4 quarterstaff of chaos
              (10 damage)
             ... on level 2 of the Dungeon.
             The game lasted 00:02:07 (1335 turns).

theAP the Ducker (Troll Monk)                       Turns: 1335, Time: 00:02:08

Health: -1/39      AC:  5    Str: 20    XL:     3   Next: 73%
Magic:  2/2        EV: 12    Int:  6    God:
Gold:   63         SH:  0    Dex: 12    Spells: 2/2 levels left

rFire    . . .     SeeInvis .     - Unarmed
rCold    . . .     Gourm    +   (no shield)
rNeg     . . .     Faith    .   a - +0 robe
rPois    +         Spirit   .   (helmet restricted)
rElec    .         Reflect  .   (no cloak)
rCorr    .         Harm     .   (gloves unavailable)
MR       .....                  (boots unavailable)
Stlth    ++........             m - amulet of magic regeneration
Regen    0.6/turn               d - ring of poison resistance
MPRegen  0.2/turn               h - +1 ring of evasion

@: hasted, very quick
A: unfitting armour, claws 3, fast metabolism 3, gourmand, regeneration 1,
shaggy fur 1, tough skin 2
a: no special abilities


You were on level 2 of the Dungeon.
You were not hungry.

You visited 1 branch of the dungeon, and saw 2 of its levels.

You collected 63 gold pieces.

Inventory:

Armour
 a - a +0 robe (worn)
Jewellery
 d - a ring of poison resistance (left claw)
 h - a +1 ring of evasion (right claw)
 m - an amulet of magic regeneration (around neck)
Scrolls
 c - a scroll of remove curse {unknown}
 e - 4 scrolls of identify {unknown}
 j - 2 scrolls of enchant armour {unknown}
 k - a scroll of recharging {unknown}
 l - a scroll of noise {unknown}
Potions
 g - 3 potions of curing {unknown}
 i - a potion of berserk rage {unknown}
Comestibles
 b - 2 bread rations
 f - a meat ration


   Skills:
 + Level 3.6 Fighting
 * Level 3.8 Dodging
 - Level 2.2 Stealth
 + Level 1.4 Unarmed Combat


You had 2 spell levels left.
You didn't know any spells.

Dungeon Overview and Level Annotations

Branches:
Dungeon (2/15)

Altars:
Yredelemnul

Annotations:
D:2 Crazy Yiuf


Innate Abilities, Weirdness & Mutations

You are too large for most types of armour.
You have claws for hands.
Your metabolism is lightning-fast.
You like to eat raw meat.
Your natural rate of healing is unusually fast.
You are covered in fur. (AC +1)
You have very tough skin. (AC +2)


Message History

You claw Crazy Yiuf!
Crazy Yiuf is moderately wounded.
Crazy Yiuf says, "Castle!
Mugger foot high."
Crazy Yiuf closely misses you.
You barely miss Crazy Yiuf.
Crazy Yiuf is moderately wounded.
Crazy Yiuf hits you with a quarterstaff of chaos.
Crazy Yiuf freezes you.
You scratch Crazy Yiuf but do no damage.
Crazy Yiuf is moderately wounded.
Crazy Yiuf hits you with a quarterstaff of chaos!
* * * LOW HITPOINT WARNING * * *
You feel yourself speed up.
You barely miss Crazy Yiuf.
Crazy Yiuf is moderately wounded.
You scratch Crazy Yiuf.
Crazy Yiuf is severely wounded.
Crazy Yiuf laughs, "Paint!
Mama ragdoll ragdoll."
Crazy Yiuf hits you with a quarterstaff of chaos!
You die...

.# #.....#
.######.....##############
)#>......................#
.#.####....###########...#
.#.# ###### #...#
.#.######### ##### #####
...........# #..)# #+#
##.######### #.g.#
######.##### #.........#
#.@.# #...........
##....##### ##'##
#.####.####. #....#####
##.# #..# #......
#........# #.##
##.########. ###........#
##.# #...........
#..........# #.##
##..#######. #.#.###....#
##.## ##.#....... #.#.#
#....# #.P.## ###...#####.
#.#.# #....# #P...#
#...........


You could see Crazy Yiuf.

Vanquished Creatures
  2 adders (D:2)
  An ooze (D:2)
  A dart slug (D:1)
  A bat (D:2)
  A giant cockroach (D:1)
  2 goblins (D:1)
  A hobgoblin (D:1)
  4 jackals (D:2)
  2 quokkas (D:2)
  4 ball pythons
  6 frilled lizards
  6 kobolds
  2 rats (D:1)
33 creatures vanquished.

Notes
Turn   | Place    | Note
-------+----------+-------------------------------------------
     0 | D:1      | theAP the Troll Monk began the quest for the Orb.
     0 | D:1      | Reached XP level 1. HP: 23/23 MP: 0/0
   236 | D:1      | Reached XP level 2. HP: 29/31 MP: 1/1
   539 | D:1      | Reached skill level 1 in Unarmed Combat
   650 | D:2      | Found a basalt altar of Yredelemnul.
   680 | D:2      | Reached XP level 3. HP: 37/37 MP: 2/2
  1323 | D:2      | Found a runed door.
  1327 | D:2      | Noticed Crazy Yiuf
  1335 | D:2      | Slain by Crazy Yiuf

Vault maps used:
D:1:      tarquinn_simple_flora_water_c
D:2:      yredelemnul_altar_generic, uniq_crazy_yiuf_cottage

Skill      XL: |  1  2 |
---------------+-------+-----
Unarmed Combat | 1 |  1.4
Fighting       | |  3.6
Dodging        | |  3.8
Stealth        | |  2.2

Action                   || total
-------------------------++-------
Melee: Unarmed           ||   119
 Stab: Sleeping          ||     2
  Eat: Chunk             ||    10
Armor: Robe              ||    58
Dodge: Dodged            ||    87
